Map: Cyber Forest LE

Players

Woah

  • Race: Terran Terran
  • Spawn Location: 5:00

Asindee - Winner!

  • Race: Terran Terran
  • League: Diamond
  • Spawn Location: 11:00

VOD

Have the link to the VOD?

Description

Time

  • Played on: June 14, 2019, 4:10 p.m.
  • Length: 11:56
Show
View Real Time Build Order
Export as new Build Order

Woah Terran 

Build Orders: Gas First Reaper Expand 

Get SALT Encoding   

  12  0:02  SCV  
  13  0:14  SCV  
  14  0:21  Supply Depot  
  14  0:26  SCV  
  15  0:28  Refinery  
  15  0:43  SCV  
  15  0:46  Barracks  
  16  0:55  SCV  
  17  1:07  SCV  
  18  1:19  SCV  
  19  1:29  Refinery  
  19  1:32  Orbital Command  
  19  1:34  Reaper  
  20  2:00  Command Center  
  20  2:04  SCV  
  21  2:15  Factory  
  21  2:20  Reaper  
  21  2:21  SCV  
  23  2:32  Supply Depot  
  23  2:54  SCV, Reaper  
  25  2:58  Starport  
  25  2:59  Hellion  
  25  3:03  Supply Depot  
  27  3:12  Orbital Command  
  27  3:17  SCV  
  30  3:27  Barracks Tech Lab  
  30  3:31  SCV  
  29  3:43  SCV  
  29  3:44  Starport Tech Lab  
  30  3:49  Siege Tank  
  33  3:57  Marine  
  33  3:59  SCV  
  33  4:00  SCV  
  32  4:19  Marine  
  26  4:37  Marine  
  24  4:41  Siege Tank  
  30  4:50  Barracks x3  
  30  4:52  Orbital Command  
  26  4:55  Marine  
  21  5:06  Supply Depot x2  
  21  5:13  Marine  
  22  5:31  Marine  
  23  5:51  Raven  
  23  5:53  Marine  
  23  5:54  SCV  
  23  5:56  Marine x3  
  30  6:08  Orbital Command  
  28  6:26  Marine  
  28  6:27  Marine x3  
  32  6:44  Marine  
  25  7:01  Marine  
  25  7:07  SCV x2  
  25  7:19  SCV, Marine  
  25  7:20  SCV  
  28  7:27  Barracks Reactor  
  28  7:28  Barracks Tech Lab  
  28  7:32  SCV, Orbital Command  
  29  7:37  Marine  
  30  7:46  SCV  
  30  7:49  Supply Depot  
  32  7:59  SCV  
  32  8:01  SCV  
  34  8:06  Marine x2  
  34  8:11  SCV  
  36  8:12  Barracks Reactor  
  36  8:13  SCV  
  37  8:23  SCV  
  37  8:25  SCV  
  39  8:31  Marine x4  
  43  8:35  SCV  
  43  8:37  SCV, Engineering Bay, Siege Tank  
  48  8:47  SCV  
  49  8:49  SCV, Marine x2  
  49  8:50  Marauder x2  
  56  8:59  SCV  
  56  9:01  SCV  
  56  9:02  Marine  
  58  9:07  Marine x2  
  61  9:11  SCV  
  61  9:15  Command Center  
  62  9:20  Concussive Shells  
  62  9:23  Stimpack  
  62  9:32  Refinery  
  62  9:34  Refinery  
  62  9:35  Terran Infantry Weapons Level 1  
  62  9:37  SCV x2, Marauder  
  66  9:40  Supply Depot  
  66  9:42  Starport Tech Lab  
  66  9:44  Marine  
  67  9:49  SCV x2  
  69  10:01  SCV x2  
  71  10:13  SCV  
  71  10:14  SCV  
  72  10:24  Marauder, Marine x2  
  72  10:26  Marauder  
  78  10:33  SCV x2  
  80  10:36  Marauder  
  80  10:37  Command Center  
  82  10:45  Supply Depot  
  82  10:46  Supply Depot  
  82  10:57  Orbital Command  
  82  10:59  SCV x2  
  84  11:09  Marauder  
  84  11:11  SCV x2  
  88  11:16  Barracks  
Show
View Real Time Build Order
Export as new Build Order

Asindee Terran - Winner!

Build Orders: 1/1/1, Mech 

Get SALT Encoding   

  12  0:00  SCV  
  13  0:13  SCV  
  14  0:19  Supply Depot  
  14  0:25  SCV  
  15  0:28  Refinery  
  15  0:41  SCV  
  16  0:47  Barracks  
  16  0:53  SCV  
  17  0:59  Refinery  
  17  1:07  SCV  
  18  1:19  SCV  
  19  1:35  Barracks Reactor  
  19  1:40  Factory  
  19  1:43  Orbital Command  
  19  1:54  Supply Depot  
  19  2:11  Marine x2  
  21  2:23  Factory Tech Lab  
  21  2:28  SCV, Starport  
  22  2:30  Marine  
  22  2:31  Marine  
  24  2:40  SCV  
  25  2:44  Siege Tank  
  25  2:50  Supply Depot  
  28  2:55  SCV  
  29  3:10  Viking  
  29  3:12  Viking  
  33  3:22  Siege Tank  
  33  3:25  SCV  
  37  3:44  Viking x2  
  37  3:48  Marine  
  41  3:54  SCV  
  41  4:38  Siege Tank  
  41  4:39  SCV  
  41  4:44  Command Center  
  42  4:48  Liberator  
  42  5:01  SCV  
  42  5:04  Engineering Bay  
  46  5:30  Siege Tank  
  47  5:52  Missile Turret, Supply Depot  
  47  5:56  Viking, SCV  
  50  5:57  Orbital Command  
  50  5:59  Missile Turret, Refinery  
  50  6:02  Siege Tank  
  53  6:08  SCV  
  54  6:20  SCV  
  55  6:34  Factory  
  55  6:38  Factory x2  
  55  6:44  SCV x2  
  53  6:50  Armory  
  51  6:56  SCV, Refinery  
  49  7:10  SCV x2  
  49  7:17  Supply Depot  
  49  7:22  SCV, Factory Tech Lab x3  
  49  7:23  SCV  
  49  7:28  Viking x2  
  55  7:33  Siege Tank  
  55  7:35  SCV  
  59  7:43  SCV  
  60  7:48  Siege Tank  
  60  7:49  Hellion x2  
  67  7:58  Armory  
  67  8:02  SCV x2  
  69  8:14  SCV x2  
  69  8:18  Command Center  
  71  8:23  Siege Tank  
  71  8:24  Hellion  
  71  8:25  Hellion  
  78  8:34  Factory  
  78  8:36  Supply Depot  
  78  8:57  Supply Depot  
  78  8:58  Viking x2, Hellion, Terran Vehicle Weapons Level 1, SCV x2  
  78  8:59  Supply Depot  
  78  9:01  Terran Vehicle And Ship Armor Level 1  
  86  9:19  Hellion  
  86  9:21  Factory Tech Lab  
  86  9:22  Missile Turret x2  
  86  9:23  SCV x2, Missile Turret  
  90  9:25  Missile Turret  
  90  9:27  Supply Depot  
  90  9:35  SCV x2  
  92  9:47  SCV  
  92  9:48  SCV  
  92  9:50  Viking x2  
  98  9:57  Planetary Fortress  
  98  9:59  SCV  
  99  10:00  SCV  
  99  10:05  Missile Turret  
  100  10:09  Refinery  
  100  10:11  SCV  
  100  10:13  Refinery  
  100  10:14  Missile Turret  
  99  10:21  Hellion, Thor  
  107  10:33  Siege Tank  
  107  10:34  Hellion x2  
  114  10:36  SCV x3  
  109  11:04  Viking x2  
Tags
 
Composition
Mech
League
Diamond
Matchup
TvT
Race
Terran
Replay Pack
r1
Spawn Locations
Cross Positions
Add a new tag
Caveats
  • Supply blocks, unpowered buildings, or Contaminate may cause inaccurate times.
  • Supply counts are checked every 10 seconds.